cohdb
Replays
Latest Replays
All Replays
Popular Replays
Top Player Replays
Match Explorer
How It Works
Community
CoH3 Stats
Reddit
Sign in to upload your games and track your stats! →
Sign in with Steam
Match 43677266
Unlisted
Match 43677266
Overview
Messages
Build Orders
End
Construct Infanterie Kompanie
Grenadier Squad
Grenadier Squad
Grenadier Squad
MG 42 Machine Gun Team
Pioneer Squad
Construct Luftwaffe Kompanie
Selects Rapid Production
Selects Assault Grenadiers
Grenadier Squad
Jäger Squad
Selects Smoke Bombing Run
Flak 30 Anti-aircraft Gun Team
Jäger Squad
Medical Station
Selects Incendiary Bombing Run
Support Elements
Marder III M Tank Destroyer
Selects Breakthrough Battlegroup
Selects Italian Coastal Battlegroup
ИИ - Сложный
ИИ - Сложный
ИИ - Сложный
anioki
Spaceklown
Maelstrom
0
0
Comments
sign in to comment!
No comments posted yet!